 Dungeon Crawl Stone Soup version 0.18-a0-987-g0b0e4e7 (webtiles) character file.

71 Singol the Sneak (level 4, 26/26 HPs)
             Began as a Kobold Assassin on Sept 15, 2015.
             Quit the game on level 2 of the Dungeon on Jan 3, 2016.
             The game lasted 00:14:48 (1693 turns).

Singol the Sneak (Kobold Assassin)                  Turns: 1693, Time: 00:14:48

Health: 26/26      AC:  6    Str:  9    XL:     4   Next: 47%
Magic:  4/4        EV: 14    Int:  9    God:
Gold:   79         SH:  0    Dex: 18    Spells: 0 memorised, 3 levels left

rFire  . . .     SeeInvis .     a - +2 dagger
rCold  . . .     Gourm    .     c - +0 robe
rNeg   . . .     Faith    .     (shield restricted)
rPois  .         Spirit   .     (no helmet)
rElec  .         Dismiss  .     d - +0 cloak
rCorr  .         Reflect  .     i - +1 pair of gloves
SustAt .         Harm     .     q - +0 pair of boots
MR     .....                    (no amulet)
Stlth  ++++......               (no ring)
                                (no ring)

@: not resistant to hostile enchantments, stealthy
A: carnivore 3
a: no special abilities


You were on level 2 of the Dungeon.
You were completely stuffed.

You visited 1 branch of the dungeon, and saw 2 of its levels.

You collected 79 gold pieces.

Inventory:

Hand Weapons
 a - a +2 dagger (weapon)
 b - a +0 blowgun
Missiles
 e - 8 poisoned needles
 f - 2 curare-tipped needles
 h - 88 stones (quivered)
 n - 28 bolts
 s - 15 sling bullets
Armour
 c - a +0 robe (worn)
 d - a +0 cloak (worn)
 i - a +1 pair of gloves (worn)
 q - a +0 pair of boots (worn)
Jewellery
 w - an uncursed amulet of regeneration {unknown}
Scrolls
 j - 2 scrolls of teleportation {unknown}
 k - 4 scrolls of identify {unknown}
 l - 4 scrolls of remove curse {unknown}
 m - a scroll of enchant weapon {unknown}
 p - a scroll of noise {unknown}
 r - a scroll of blinking {unknown}
Potions
 o - 4 potions of curing {unknown}
 v - a potion of heal wounds {unknown}
Comestibles
 g - 2 meat rations
 t - 2 chunks of flesh
 u - a slice of pizza


   Skills:
 - Level 2.1 Fighting
 + Level 3.7 Short Blades
 - Level 2.1 Throwing
 - Level 1.2 Dodging
 + Level 7.2 Stealth


You had 3 spell levels left.
You didn't know any spells.

Dungeon Overview and Level Annotations

Branches:
Dungeon (2/15)

Altars:


Innate Abilities, Weirdness & Mutations

You are small and have problems with some larger weapons.
You are carnivorous and can eat meat at any time.


Message History

h - 88 stones (gained 23)
A ball python comes into view. 2 hobgoblins come into view.
Found 24 arrows.
You see here a dented brass amulet.
w - a dented brass amulet
Found a robe.
Welcome back, Singol the Kobold Assassin.
Press ? for a list of commands and other information.
Press: ? - help, v - describe, . - travel The floor.
You don't know any spells.
You don't know any spells.
Unknown command.
There's nothing to close nearby.
Quiver which item? (- for none, * to show all) (? for menu, Esc to quit)
Okay, then.
Drink which item? (? for menu, Esc to quit)
Okay, then.
Are you sure you want to abandon this character and quit the game? (Confirm with "yes".)

#.#.###.# #
#.#.##..### .#
#.#.......# ..
...####.##.#
##.#.
........##.####
.....
#######.......$
# # #..#.###.
#.#
########..#.##
#.##
...(....@....#
...#
.#####.........g
#..#
#.P.P♣P...##g
#..#.##
#.P..♣♣♣....[
<...... #.#.P♣
..### .#.#.##
.S... ..#
....... ..#...
P# ##.##..
###.## .# #


You could see 2 hobgoblins and a ball python (sleeping).

Vanquished Creatures
  3 adders (D:2)
  2 oozes (D:1)
  2 giant geckos
  4 bats
  4 giant cockroaches
  2 goblins
  3 hobgoblins
  2 giant newts
  2 jackals (D:1)
  6 kobolds
  A quokka (D:2)
  5 rats
36 creatures vanquished.

Notes
Turn   | Place    | Note
--------------------------------------------------------------
     0 | D:1      | Singol the Kobold Assassin began the quest for the Orb.
     0 | D:1      | Reached XP level 1. HP: 12/12 MP: 1/1
   164 | D:1      | Reached XP level 2. HP: 17/17 MP: 2/2
   373 | D:1      | Reached skill level 6 in Stealth
   642 | D:1      | Reached XP level 3. HP: 21/21 MP: 3/3
  1240 | D:2      | Reached skill level 7 in Stealth
  1240 | D:2      | Reached XP level 4. HP: 23/26 MP: 4/4
  1693 | D:2      | Upgraded the game from 0.17-a0-1838-g891d947 to 0.18-a0-987-g0b0e4e7
  1693 | D:2      | Quit the game

Vault maps used:
D:1:      lightli_arrival_noodles, serial_forest, infiniplex_forest_clump_long,
          infiniplex_forest_clump_diagonal, infiniplex_forest_end_1,
          infiniplex_forest_clump_medium, infiniplex_forest_corner_1,
          infiniplex_forest_lined_room_2
D:2:      serial_forest, infiniplex_forest_end_2,
          infiniplex_forest_clump_double, infiniplex_forest_lined_room_2,
          infiniplex_forest_straight_5, infiniplex_forest_clump_small,
          infiniplex_forest_corner_2, infiniplex_forest_lined_room_,
          infiniplex_forest_lined_4_way, grunt_ministairs_1

Action                   |  1- 3 |  4- 6 || total
-------------------------+-------+-------++-------
Melee: Dagger            |    74 |    22 ||    96
 Stab: Sleeping          |     8 |     2 ||    10
  Eat: Chunk             |     9 |     2 ||    11
